 Dungeon Crawl Stone Soup version 0.18.1-6-gd335043 (webtiles) character file.

56 Shtopit the Skirmisher (level 3, 0/24 HPs)
             Began as a Gargoyle Berserker on May 18, 2016.
             Was a Believer of Trog.
             Slain by a gnoll
             ... wielding a +0 club
              (2 damage)
             ... on level 2 of the Dungeon.
             The game lasted 00:01:44 (959 turns).

Shtopit the Skirmisher (Gargoyle Berserker)          Turns: 959, Time: 00:01:45

Health: 0/24       AC:  8    Str: 21    XL:     3   Next: 95%
Magic:  3/3        EV: 11    Int:  7    God:    Trog [**....]
Gold:   18         SH:  0    Dex:  9    Spells: 0 memorised, 2 levels left

rFire  . . .     SeeInvis .     a - +0 mace
rCold  . . .     Gourm    .     n - +0 ring mail
rNeg   + . .     Faith    .     (no shield)
rPois  ∞         Spirit   .     (no helmet)
rElec  +         Dismiss  .     (no cloak)
rCorr  .         Reflect  .     (no gloves)
SustAt .         Harm     .     (no boots)
MR     .....                    (no amulet)
Stlth  ..........               (no ring)
                                (no ring)

@: not resistant to hostile enchantments, extremely unstealthy
A: negative energy resistance 1, electricity resistance, unbreathing,
petrification resistance, rot immunity, AC +3
a: Berserk, Trog's Hand, Burn Spellbooks, Renounce Religion


You were on level 2 of the Dungeon.
You worshipped Trog.
Trog was pleased with you.
You were not hungry.

You visited 1 branch of the dungeon, and saw 2 of its levels.

You collected 18 gold pieces.

Inventory:

Hand Weapons
 a - a +0 mace (weapon)
Missiles
 l - 5 poisoned needles
Armour
 b - a +0 animal skin
 n - a +0 ring mail (worn)
Scrolls
 d - a scroll of fog {unknown}
 e - a scroll of magic mapping {unknown}
 g - 3 scrolls of identify {unknown}
 h - a scroll of enchant armour {unknown}
 i - a scroll of immolation {unknown}
 j - 2 scrolls of remove curse {unknown}
 o - a scroll of teleportation {unknown}
Potions
 k - a potion of berserk rage {unknown}
 m - a potion of curing {unknown}
Comestibles
 c - 2 bread rations
 f - a royal jelly


   Skills:
 + Level 4.0 Fighting
 + Level 3.4 Maces & Flails
 + Level 2.1 Armour
 + Level 2.5 Dodging
 + Level 0.2 Stealth


You had 2 spell levels left.
You didn't know any spells.

Dungeon Overview and Level Annotations

Branches:
Dungeon (2/15)

Altars:


Innate Abilities, Weirdness & Mutations

You are resistant to torment.
Your stone body is resilient (AC +3).
You are immune to poison.
You resist negative energy.
You are resistant to electric shocks.
You can survive without breathing.
You are immune to petrification.
You are immune to rotting.


Message History

The gnoll hits you but does no damage.
You hit the gnoll but do no damage.
The gnoll is lightly wounded.
The gnoll barely misses you.
You hit the gnoll.
The gnoll is severely wounded.
The gnoll closely misses you. The gnoll barely misses you.
You sock the gnoll!
You kill the gnoll!
Trog accepts your kill. The gnoll barely misses you.
The gnoll hits you with a club. The gnoll hits you with a halberd!
There is an open door, spattered with blood here.
You see here a club.
You barely miss the gnoll. The gnoll hits you with a club.
The gnoll hits you with a halberd!
* * * LOW HITPOINT WARNING * * *
Your ring mail prevents you from hitting the gnoll.
The gnoll hits you with a club.
You die...

.. #.# #.# #+##
#.# #...# #.####
#..... #.##.##
#......
#.#...####.......
#.......>@g...>..
#.#...####g......
#.##.## #......
#<...# #....>
####.# #...# #.#
#+## #.#


You could see 2 gnolls.

Vanquished Creatures
  A gnoll (D:2)
  An ooze (D:1)
  2 dart slugs (D:1)
  2 giant geckos (D:1)
  5 giant cockroaches (D:1)
  2 goblins (D:1)
  3 hobgoblins (D:1)
  7 kobolds (D:1)
  A quokka (D:1)
  A ball python (D:1)
  2 bats (D:1)
  3 giant newts (D:1)
  6 rats (D:1)
36 creatures vanquished.

Notes
Turn   | Place    | Note
--------------------------------------------------------------
     0 | D:1      | Shtopit the Gargoyle Berserker began the quest for the Orb.
     0 | D:1      | Reached XP level 1. HP: 14/14 MP: 1/1
   127 | D:1      | Reached XP level 2. HP: 16/19 MP: 2/2
   242 | D:1      | Reached ** piety under Trog
   390 | D:1      | Reached XP level 3. HP: 15/24 MP: 3/3
   473 | D:1      | Reached skill level 4 in Fighting
   959 | D:2      | Slain by a gnoll

Skill      XL: |  1  2  3 |
---------------+----------+-----
Dodging        | 2 |  2.5
Fighting       | 4 |  4.0
Maces & Flails | |  3.4
Armour         | |  2.1
Stealth        | |  0.2

Action                   || total
-------------------------++-------
Melee: Mace              ||   118
Armor: Animal skin       ||    33
       Ring mail         ||    16
Dodge: Dodged            ||    84
